 Dungeon Crawl Stone Soup version 0.20.0-15-g7f486f2 (webtiles) character file.

28 Zachthehappycat the Scratcher (level 3, 0/15 HPs)
             Began as a Felid Transmuter on June 28, 2017.
             Slain by Terence
             ... wielding a +0 short sword
              (6 damage)
             ... on level 2 of the Dungeon.
             The game lasted 00:10:13 (2316 turns).

Zachthehappycat the Scratcher (Felid Transmuter)    Turns: 2316, Time: 00:10:14

Health: 0/15       AC:  1    Str:  6    XL:     3   Next: 0%
Magic:  7/7        EV: 18    Int: 14    God:
Gold:   116        SH:  0    Dex: 17    Spells: 5/6 levels left
                                        Lives:  0   Deaths: 0

rFire    . . .     SeeInvis +     - Unarmed
rCold    . . .     Gourm    .   (shield unavailable)
rNeg     . . .     Faith    .   (armour unavailable)
rPois    .         Spirit   .   (helmet unavailable)
rElec    .         Reflect  .   (cloak unavailable)
rCorr    .         Harm     .   (gloves unavailable)
MR       .....                  (boots unavailable)
Stlth    ++........             (no amulet)
Regen    0.1/turn               (no ring)
MPRegen  0.1/turn               (no ring)

@: quick
A: no armour, no weapons or thrown items, stealth, claws 1, fangs 3, see
invisible, carnivore 3, speed 1, shaggy fur 1, slow metabolism 1, sharp paws
a: no special abilities


You were on level 2 of the Dungeon.
You were very full.

You visited 1 branch of the dungeon, and saw 2 of its levels.

You collected 116 gold pieces.

Inventory:

Missiles
 g - 25 arrows
Jewellery
 a - a +3 ring of slaying {unknown}
Wands
 o - a wand of flame (24/48)
Scrolls
 d - 2 scrolls of teleportation {unknown}
 f - 2 scrolls of identify {unknown}
 i - a scroll of fear {unknown}
 j - a scroll of enchant weapon {unknown}
 q - a scroll of noise {unknown}
Potions
 e - a potion of curing {unknown}
 k - a potion of might {unknown}
 l - 2 potions of flight {unknown}
 m - a potion of mutation {unknown}
 n - a potion of resistance {unknown}
 s - a potion of agility {unknown}
Books
 b - a book of Changes

   Spells                             Type                      Level
   a - Beastly Appendage              Transmutation                1
   b - Sticks to Snakes               Transmutation                2
   c - Spider Form                    Transmutation/Poison         3
   d - Ice Form                       Ice/Transmutation            4
   e - Blade Hands                    Transmutation                5
Comestibles
 c - 2 meat rations
 h - a bread ration


   Skills:
 + Level 1.0 Fighting
 + Level 2.9 Dodging
 + Level 0.4 Stealth
 + Level 3.7 Unarmed Combat
 + Level 2.0 Spellcasting
 + Level 2.7 Transmutations


You had 5 spell levels left.
You knew the following spells:

 Your Spells              Type           Power        Failure   Level  Hunger
a - Beastly Appendage     Tmut           #.....       8%          1    ##.....


Dungeon Overview and Level Annotations

Branches:
Dungeon (2/15)

Altars:

Annotations:
D:2 Terence


Innate Abilities, Weirdness & Mutations

You cannot wear armour.
You are incapable of wielding weapons or throwing items.
Your paws allow you to move quietly. (Stealth)
You have sharp claws.
You have razor-sharp teeth.
You have supernaturally acute eyesight. (SInv)
You are carnivorous and can eat meat at any time.
You cover ground quickly.
You are covered in fur. (AC +1)
You have a slow metabolism.
Your sharp claws are effective at attacking unaware monsters.


Message History

Terence is lightly wounded.
Terence barely misses you.
You barely miss Terence.
Terence is lightly wounded.
Terence says, "Time to say good-bye..."
Terence hits you with a short sword.
Found a scroll labeled NEKUYF LYMUGOT.
Found a scroll labeled BUAFRE ZEAWA.
Found a silvery potion.
You see here a scroll labeled NEKUYF LYMUGOT.
i - a scroll labeled NEKUYF LYMUGOT Terence asks, "Do you want it fast or slow?"
You see here a scroll labeled BUAFRE ZEAWA.
j - a scroll labeled BUAFRE ZEAWA Terence looks scornfully at you.
A worm comes into view.
You see here a silvery potion.
k - a silvery potion Terence hits you with a short sword.
You die...

########## #######
##........# #.....#
#.........# #.....#
#.........######.....#
#...####.......@@....#
#.....##.#######.....#
.##@........ #.....#
.''......... .........
.##......... .........
###...##.....
#......... #
#...#.........w.......
# #...# ..# #.........
###...#


You could see Terence and a worm (sleeping).

Vanquished Creatures
  3 bats (D:1)
  2 giant cockroaches (D:1)
  2 goblins (D:1)
  3 hobgoblins (D:1)
  2 jackals (D:1)
  4 kobolds (D:1)
  6 frilled lizards
  4 rats (D:1)
26 creatures vanquished.

Notes
Turn   | Place    | Note
-------+----------+-------------------------------------------
     0 | D:1      | Zachthehappycat the Felid Transmuter began the quest for the Orb.
     0 | D:1      | Reached XP level 1. HP: 9/9 MP: 4/4
   258 | D:1      | Reached XP level 2. HP: 8/12 MP: 6/6
  2253 | D:2      | Reached XP level 3. HP: 13/15 MP: 7/7
  2278 | D:2      | Noticed Terence
  2316 | D:2      | Slain by Terence

Action                   || total
-------------------------++-------
Melee: Unarmed           ||    66
       Bite              ||     8
       Punch             ||     2
       Headbutt          ||     1
 Cast: Beastly Appendage ||     1
 Stab: Sleeping          ||     2
  Eat: Chunk             ||     8
Armor: Skin              ||     5
Dodge: Dodged            ||    57
